 Dungeon Crawl Stone Soup version 0.24-a0-439-g6dd8730de2 (webtiles) character file.

Game seed: 11433749704160661334

229 KristoblXynda the Slasher (level 5, -1/46 HPs)
             Began as a Draconian Gladiator on June 17, 2019.
             Slain by a wraith (9 damage)
             ... in an ossuary.
             The game lasted 00:06:29 (3367 turns).

KristoblXynda the Slasher (Draconian Gladiator)     Turns: 3367, Time: 00:06:30

Health: -1/46      AC:  6    Str: 16    XL:     5   Next: 71%
Magic:  5/5        EV: 14    Int:  9    God:
Gold:   116        SH:  0    Dex: 13    Spells: 4/4 levels left

rFire    . . .     SeeInvis +   a - +1 long sword
rCold    . . .     Gourm    .   (no shield)
rNeg     + . .     Faith    .   (armour unavailable)
rPois    .         Spirit   .   b - +1 hat
rElec    .         Reflect  .   (no cloak)
rCorr    .         Harm     .   (no gloves)
MR       .....                  (no boots)
Stlth    +.........             (no amulet)
HPRegen  0.15/turn              h - ring of positive energy
MPRegen  0.09/turn              t - ring of see invisible

@: slowed, very slow
A: unfitting armour, cold-blooded, AC +5
a: no special abilities


You were in an ossuary.
You were not hungry.

You visited 1 branch of the dungeon, and saw 4 of its levels.
You also visited: Ossuary.

You collected 116 gold pieces.

Inventory:

Hand Weapons
 a - a +1 long sword (weapon)
Missiles
 c - 3 throwing nets
 p - 7 boomerangs (quivered)
Armour
 b - a +1 hat (worn)
Jewellery
 h - a ring of positive energy (left hand)
 t - a ring of see invisible (right hand)
Scrolls
 f - a scroll of brand weapon {unknown}
 i - a scroll of fear
 k - a scroll of enchant weapon
 l - 4 scrolls of teleportation
 q - 2 scrolls of enchant armour
 s - a scroll of fog
Potions
 e - a potion of curing {unknown}
 g - 2 potions of haste
 j - 2 potions of lignification
 n - a potion of might
 v - a potion of brilliance
Comestibles
 d - 5 rations


   Skills:
 + Level 4.0 Fighting
 * Level 4.6 Long Blades
 - Level 2.0 Throwing
 + Level 3.9 Dodging


You had 4 spell levels left.
You didn't know any spells.
Your spell library was empty.

Dungeon Overview and Level Annotations

Branches:
Dungeon (4/15)
 Temple: D:4-7

Altars:


Innate Abilities, Weirdness & Mutations

Your plain brown scales are hard. (AC +5)
You cannot fit into any form of body armour.
You are cold-blooded and may be slowed by cold attacks.


Message History

* * * LOW HITPOINT WARNING * * *
The wraith hits you but does no damage.
Unknown command.
You feel much better. The wraith barely misses you.
You riposte.
You closely miss the wraith.
The wraith is almost destroyed.
The wraith hits you!
* * * LOW HITPOINT WARNING * * *
The wraith drains your vigour!
You feel as though you will be slow longer.
You hit the wraith.
The wraith is almost destroyed.
The wraith hits you.
* * * LOW HITPOINT WARNING * * *
The wraith drains your vigour!
You feel as though you will be slow longer.
You hit the wraith but do no damage.
The wraith is almost destroyed.
The wraith hits you!
You die...

####.####.....####.####..#
.........................#
..........#.#.^..........#
####......#+#......####..#
+...8...# #...8...+ #..#
##......###......####..#
..................^.....#
................^.^.....#
#.#..#.#..#.#..#@#..#.#..#
#+#..#+#..#'#..#W#..#'#..#
#. #..#.#..#"#..#.#..# #
.###..###..###..###..#
..........^..........#
^.......^........^...#
#####'''#############
##...## ##.....##


You could see a wraith.

Vanquished Creatures
  A crimson imp (D:3)
  An orc priest (D:3)
  A mummy (Ossuary)
  5 adders
  3 worms (D:2)
  4 dart slugs
  2 leopard geckos (D:1)
  7 orcs (D:3)
  3 ball pythons
  7 bats
  3 giant cockroaches
  A gnoll zombie (Ossuary)
  6 goblins
  8 hobgoblins
  7 jackals (D:3)
  6 kobolds
  A quokka (D:3)
  4 frilled lizards
  2 goblin zombies (Ossuary)
  A hobgoblin zombie (Ossuary)
  3 kobold zombies (Ossuary)
  7 rats
83 creatures vanquished.

Notes
Turn   | Place    | Note
-------+----------+-------------------------------------------
     0 | D:1      | KristoblXynda the Draconian Gladiator began the quest for
                  | the Orb.
     0 | D:1      | Reached XP level 1. HP: 17/17 MP: 1/1
    96 | D:1      | Reached XP level 2. HP: 16/25 MP: 2/2
   597 | D:1      | Reached XP level 3. HP: 30/30 MP: 3/3
  1526 | D:2      | Reached XP level 4. HP: 37/38 MP: 4/4
  1894 | D:3      | Reached XP level 5. HP: 10/46 MP: 5/5
  3087 | D:4      | Found a sand-covered staircase.
  3120 | Ossuary  | Entered an ossuary
  3120 | Ossuary  | Noticed a wraith
  3120 | Ossuary  | Noticed a wraith
  3120 | Ossuary  | Noticed a wraith
  3338 | Ossuary  | Noticed a wraith
  3364 | Ossuary  | HP: 2/46 [wraith (11)]
  3367 | Ossuary  | Slain by a wraith

Levels and vault maps discovered:
D:1:      dpeg_arrival_windows_large_door, layout_basic, serial_bayou_lagoon_a,
          minmay_close_crescents
D:2:      layout_rooms
D:3:      layout_loops_ring, kennysheep_decorative_pillar,
          minmay_misc_feat_more_columns
D:4:      layout_basic, serial_shops, shop, shop_coins,
          nicolae_ossuary_entry_monument
Ossuary:  ossuary_kennysheep_city_of_the_dead

Skill      XL: |  1  2  3  4  5 |
---------------+----------------+-----
Throwing       | 2 |  2.0
Dodging        | 3 |  3.9
Fighting       | 3 4 |  4.0
Long Blades    | 4 |  4.6

Action                   |  1- 3 |  4- 6 || total
-------------------------+-------+-------++-------
Melee: Long sword        |    81 |   132 ||   213
       Tailslap          |    14 |    20 ||    34
Throw: Boomerang         |       |    48 ||    48
  Use: Scroll            |       |    14 ||    14
       Potion            |       |     2 ||     2
 Stab: Sleeping          |     1 |       ||     1
  Eat: Chunk             |     2 |     6 ||     8
Armor: Skin              |    21 |    55 ||    76
Dodge: Dodged            |    64 |   100 ||   164
       Rpst.: Long sword |    21 |    34 ||    55

Table legend:
 A = Non-vault XP
 B = Vault XP
 C = Vault XP percentage of total XP
 D = Non-vault monster count
 E = Vault monster count
 F = Vault count percentage of total count
                 A         B        C        D         E       F
            +---------+---------+-------+---------+---------+-------
      Total |     300 |      28 |   8.5 |      73 |       9 |  11.0
            +---------+---------+-------+---------+---------+-------
        D:1 |      46 |       3 |   6.1 |      21 |       2 |   8.7
        D:2 |      63 |       0 |   0.0 |      19 |       0 |   0.0
        D:3 |     161 |       0 |   0.0 |      29 |       0 |   0.0
        D:4 |      30 |       0 |   0.0 |       4 |       0 |   0.0
    Ossuary |       0 |      25 | 100.0 |       0 |       7 | 100.0
            +---------+---------+-------+---------+---------+-------
